 Dungeon Crawl Stone Soup version 0.28.0-53-g5a82cb258f (webtiles) character file.

Game seed: 15461138410479246886

88 DildoBatman the Conjurer (level 4, -2/20 (30) HPs)
             Began as a Formicid Conjurer on May 22, 2022.
             Slain by a +3 quarterstaff of flaming (4 damage)
             ... created by the rancor of the Wu Jian Council
             ... on level 3 of the Dungeon.
             The game lasted 00:05:12 (1463 turns).

DildoBatman the Conjurer (Formicid Conjurer)        Turns: 1463, Time: 00:05:12

HP:   -2/20 (30)    AC: -6    Str: 12    XL:     4   Next: 82%
MP:   4/7           EV: 12    Int: 17    God:
Gold: 134           SH:  0    Dex: 11    Spells: 4/7 levels left

rFire   . . .      SeeInvis +   a - +0 hunting sling
rCold   . . .      Faith    .   (no shield)
rNeg    . . .      Spirit   .   d - +0 robe
rPois   .          Reflect  .   (helmet unavailable)
rElec   .          Harm     .   (no cloak)
rCorr   .          Rampage  .   (no gloves)
Will    .....                   (no boots)
Stlth   ++........              (no amulet)
HPRegen 0.06/turn               (no ring)
MPRegen 0.10/turn               (no ring)

@: corroded, very heavily drained
A: permanent stasis, dig shafts and tunnels, antennae 3, four strong arms
a: Dig, Shaft Self


You were on level 3 of the Dungeon.
You visited 1 branch of the dungeon, and saw 3 of its levels.

You collected 134 gold pieces.

Inventory:

Hand Weapons
 a - a +0 hunting sling (weapon)
 b - a +0 rapier
Missiles
 e - 32 stones (quivered ammo)
 f - 2 poisoned darts
 g - 17 arrows
 k - 17 bolts
 m - 29 sling bullets
Armour
 d - a +0 robe (worn)
Scrolls
 c - a scroll of teleportation {unknown}
 i - a scroll of identify {unknown}
Potions
 h - a potion of might {unknown}
 j - 3 potions of curing {unknown}
 l - a potion of brilliance {unknown}


   Skills:
 - Level 1.7 Dodging
 - Level 2.4 Stealth
 - Level 2.1 Spellcasting
 * Level 5.3 Conjurations


You had 4 spell levels left.
You knew the following spells:

 Your Spells              Type           Power      Damage    Failure   Level
a - Searing Ray           Conj           40%        2d5       3%          2
c - Magic Dart            Conj           80%        1d7       2%          1

Your spell library contained the following spells:

 Spells                   Type           Power      Damage    Failure   Level
 Dazzling Flash           Conj/Hex       20%        N/A       19%         3
 Fulminant Prism          Conj/Hex       5%         3d7       54%         4
 Iskenderun's Mystic Bla  Conj/Tloc      10%        2d4       54%         4


Dungeon Overview and Level Annotations

Branches:
Dungeon (3/15)

Altars:
Sif Muna
Wu Jian

Annotations:
D:3 Robin


Innate Abilities, Weirdness & Mutations

You cannot be hasted, slowed, berserked, paralysed or teleported.
You can dig through walls and to a lower floor.
You have a pair of large antennae on your head. (SInv)
Your four strong arms can wield two-handed weapons with a shield.


Message History

You kill the orc!
The searing ray hits the goblin.
You kill the goblin!
The searing ray hits the hobgoblin.
You kill the hobgoblin!
The quokka completely misses you. The quokka barely misses you.
Without enough magic to sustain it, your searing ray dissipates.
The quokka barely misses you.
You shoot a stone. The stone barely misses the quokka.
The stone hits the goblin.
You kill the goblin!
The quokka barely misses you.
You shoot a stone. The stone hits the quokka.
You kill the quokka!
You shoot a stone. The stone hits the orc.
The orc is heavily wounded.
The orc hits you but does no damage.
You shoot a stone. The stone barely misses the orc.
The stone hits the giant cockroach.
You kill the giant cockroach!
The orc misses you. The orc completely misses you.
You shoot a stone. The stone hits the orc!
You kill the orc!
No target in view!
You start resting.
Sifu Yunchang says: Suffer, mortal!
The rancor of the Wu Jian Council corrodes you!
A +3 quarterstaff of flaming and a +0 quarterstaff of flaming come into view.
Unknown command.
The +3 quarterstaff of flaming hits you.
The +3 quarterstaff of flaming burns you.
The +3 quarterstaff of flaming hits you.
You die...

#......##'# #..........
####....<.. #....... {
####..#. ##... #.#. ###
...## #@# ##### ......
#(# #... ....... .##
#(###.####..#.....
.....#)##..............
.......(....## ##....#.
.......####..####.......
......# #.#.oB.{#.....
###... #..#{{o.#g.....
#.... #..##.{{>#{.....


You could see 2 dancing weapons.

Vanquished Creatures
  2 adders (D:2)
  2 dart slugs
  3 orcs (D:3)
  6 ball pythons
  An endoplasm (D:2)
  5 giant cockroaches
  6 goblins
  4 hobgoblins
  7 jackals
  3 quokkas
  2 bats
  2 frilled lizards
  7 kobolds
  9 rats
59 creatures vanquished.

Notes
Turn   | Place    | Note
-------+----------+-------------------------------------------
     0 | D:1      | DildoBatman the Formicid Conjurer began the quest for the
                  | Orb.
     0 | D:1      | Reached XP level 1. HP: 13/13 MP: 3/3
   121 | D:1      | Reached XP level 2. HP: 17/19 MP: 1/5
   126 | D:1      | Reached skill level 4 in Conjurations
   129 | D:1      | Learned a level 2 spell: Searing Ray
   386 | D:1      | Found a faded altar of an unknown god.
   440 | D:1      | Reached XP level 3. HP: 18/24 MP: 4/6
   827 | D:2      | Reached XP level 4. HP: 30/30 MP: 1/7
   849 | D:2      | Reached skill level 5 in Conjurations
  1255 | D:3      | Found a faded altar of an unknown god.
  1259 | D:3      | Found an ornate altar of the Wu Jian Council.
  1290 | D:3      | Prayed at the altar of an unknown god.
  1290 | D:3      | Became a worshipper of the Wu Jian Council
  1290 | D:3      | Reached * piety under Wu Jian
  1291 | D:3      | Fell from the grace of Wu Jian
  1355 | D:1      | Prayed at the altar of an unknown god.
  1355 | D:1      | Became a worshipper of Sif Muna the Loreminder
  1355 | D:1      | Reached * piety under Sif Muna
  1356 | D:1      | Fell from the grace of Sif Muna
  1391 | D:3      | Noticed Robin
  1460 | D:3      | Noticed a +3 quarterstaff of flaming
  1460 | D:3      | Noticed a +0 quarterstaff of flaming
  1463 | D:3      | Slain by a +3 quarterstaff of flaming

Illustrated notes

Levels and vault maps discovered:
D:1:      ncdulo_smallfort, layout_basic, shapermc_ecumenical_altar_pompeii
D:2:      layout_rooms
D:3:      layout_rooms, mainiacjoe_overflow_alcove_2,
          nicolae_qazlal_general_emergency,
          nicolae_hepliaklqana_monster_ancestors,
          nicolae_overflow_ecumenical_swirl, minivault_5, uniq_robin

Skill      XL: |  1  2  3  4 |
---------------+-------------+-----
Conjurations   | 4 5 |  5.3
Dodging        | |  1.7
Stealth        | |  2.4
Spellcasting   | |  2.1

Action                   |  1- 3 |  4- 6 || total
-------------------------+-------+-------++-------
Melee: Dagger            |     9 |       ||     9
       Rapier            |       |     5 ||     5
       Punch             |       |     1 ||     1
 Fire: Hunting sling     |    49 |    39 ||    88
 Cast: Magic Dart        |    18 |     5 ||    23
       Searing Ray       |     5 |     3 ||     8
Invok: Renounce Religion |       |     2 ||     2
 Abil: Dig               |       |     4 ||     4
Armor: Robe              |    12 |     6 ||    18
Dodge: Dodged            |    20 |    32 ||    52
